 Dungeon Crawl Stone Soup version 0.20.1-1-g8b1a95d (webtiles) character file.

101 bosm the Stinger (level 4, 0/38 HPs)
             Began as a Naga Venom Mage on Aug 20, 2017.
             Slain by a worm (9 damage)
             ... on level 3 of the Dungeon.
             The game lasted 00:07:15 (2516 turns).

bosm the Stinger (Naga Venom Mage)                  Turns: 2516, Time: 00:07:16

Health: 0/38       AC:  2    Str: 11    XL:     4   Next: 75%
Magic:  0/9        EV: 10    Int: 16    God:
Gold:   102        SH:  0    Dex: 11    Spells: 3/9 levels left

rFire    . . .     SeeInvis +   g - +1 spear
rCold    . . .     Gourm    .   (no shield)
rNeg     + . .     Faith    .   a - +0 robe
rPois    +         Spirit   .   (no helmet)
rElec    .         Reflect  .   (no cloak)
rCorr    .         Harm     .   (no gloves)
MR       .....                  (no barding)
Stlth    ++........             (no amulet)
Regen    0.2/turn               r - ring of positive energy
MPRegen  0.2/turn               (no ring)

@: very slow
A: see invisible, deformed body, poison resistance, slowness 2, slow metabolism
1, spit poison 1, AC +1
a: Spit Poison


You were on level 3 of the Dungeon.
You were hungry.

You visited 1 branch of the dungeon, and saw 3 of its levels.

You collected 102 gold pieces.

Inventory:

Hand Weapons
 g - a +1 spear (weapon)
Armour
 a - a +0 robe (worn)
Jewellery
 r - a ring of positive energy (left hand)
Scrolls
 d - a scroll of identify
 h - a scroll of enchant armour {unknown}
 i - a scroll of teleportation
 k - a scroll of enchant weapon
 n - 2 scrolls of random uselessness
 o - a scroll of recharging {unknown}
 p - a scroll of amnesia {unknown}
 q - a scroll of fear {unknown}
Potions
 e - a potion of haste {unknown}
 f - a potion of flight {unknown}
 l - a potion of mutation {unknown}
 m - a potion of cancellation {unknown}
Books
 b - a Young Poisoner's Handbook

   Spells                             Type                      Level
   a - Sting                          Conjuration/Poison           1
   b - Poisonous Vapours              Poison/Air                   2
   c - Mephitic Cloud                 Conjuration/Poison/Air       3
   d - Olgreb's Toxic Radiance        Poison                       4
   e - Venom Bolt                     Conjuration/Poison           5
Comestibles
 c - 3 bread rations
 j - a meat ration
 s - a chunk of flesh


   Skills:
 + Level 1.6 Fighting
 - Level 1.5 Dodging
 - Level 3.0 Stealth
 * Level 3.3 Spellcasting
 + Level 1.9 Conjurations
 + Level 4.6 Poison Magic


You had 3 spell levels left.
You knew the following spells:

 Your Spells              Type           Power        Failure   Level  Hunger
a - Sting                 Conj/Pois      ##..         4%          1    None
s - Poisonous Vapours     Pois/Air       ##....       11%         2    ##.....
w - Mephitic Cloud        Conj/Pois/Air  #.......     22%         3    ###....


Dungeon Overview and Level Annotations

Branches:
Dungeon (3/15)

Altars:

Annotations:
D:3 tidbits's ghost, amateur DgTm


Innate Abilities, Weirdness & Mutations

You cannot wear boots.
Your serpentine skin is tough. (AC +1)
You have supernaturally acute eyesight. (SInv)
Armour fits poorly on your strangely shaped body.
Your system is resistant to poisons. (rPois)
You cover ground very slowly.
You have a slow metabolism.
You can spit poison.


Message History

Okay, then.
Press: ? - help, Shift-Dir - straight line, f - worm
Aim: a worm The splash of poison hits the worm.
The worm is poisoned.
The worm is moderately wounded.
You feel slightly more hungry.
You barely miss the worm.
The worm is moderately wounded.
The dart slug barely misses you. The worm barely misses you.
You barely miss the worm.
The worm is moderately wounded.
The dart slug launches a dart at you. The slug dart hits you!
The worm misses you.
You have got your breath back.
The worm looks more healthy.
The worm bites you!
* * * LOW HITPOINT WARNING * * *
The dart slug barely misses you. The orc closely misses you.
The worm bites you!
You die...

####..# #...... #o.#
#....... #..#
#.......
#####.#######.......
#..........##.......
#..†.......##.......
#.....(....###......
#wwo.......##.......
#..@.......##.......
#############.......
#....... #.......
##...... ##.....
######


You could see a worm, a dart slug and an orc.

Vanquished Creatures
  An orc wizard (D:3)
  An adder (D:2)
  An ooze (D:2)
  A dart slug (D:1)
  4 leopard geckos
  2 orcs (D:3)
  A ball python (D:2)
  2 giant cockroaches
  12 goblins
  3 hobgoblins
  2 quokkas (D:3)
  8 bats
  4 frilled lizards (D:1)
  3 kobolds
  7 rats
52 creatures vanquished.

Notes
Turn   | Place    | Note
-------+----------+-------------------------------------------
     0 | D:1      | bosm the Naga Venom Mage began the quest for the Orb.
     0 | D:1      | Reached XP level 1. HP: 15/15 MP: 3/3
   184 | D:1      | Reached skill level 1 in Fighting
   184 | D:1      | Reached XP level 2. HP: 25/25 MP: 5/5
   199 | D:1      | Learned a level 2 spell: Poisonous Vapours
   681 | D:1      | Reached XP level 3. HP: 25/31 MP: 0/7
   784 | D:1      | Learned a level 3 spell: Mephitic Cloud
  1150 | D:2      | Found a faded altar of an unknown god.
  2046 | D:3      | Reached XP level 4. HP: 13/38 MP: 1/8
  2316 | D:3      | Noticed tidbits's ghost (amateur DgTm)
  2516 | D:3      | Slain by a worm

Skill      XL: |  1  2  3 |
---------------+----------+-----
Fighting       | 1 |  1.6
Spellcasting   | 3 |  3.3
Dodging        | |  1.5
Stealth        | |  3.0
Conjurations   | |  1.9
Poison Magic   | |  4.6

Action                   |  1- 3 |  4- 6 || total
-------------------------+-------+-------++-------
Melee: Club              |     5 |       ||     5
       Dagger            |     9 |       ||     9
       Spear             |    48 |    13 ||    61
 Cast: Sting             |    26 |     5 ||    31
       Poisonous Vapours |    21 |     5 ||    26
       Mephitic Cloud    |       |     3 ||     3
 Abil: Spit Poison       |    11 |     7 ||    18
  Use: Scroll            |       |     4 ||     4
  Eat: Chunk             |     3 |     2 ||     5
       Fruit             |     1 |       ||     1
Armor: Robe              |    23 |     8 ||    31
Dodge: Dodged            |    76 |    20 ||    96
